 Dungeon Crawl Stone Soup version 0.20.0-15-g7f486f2 (webtiles) character file.

5472 fili the Fighter (level 10, -1/111 HPs)
             Began as a Gargoyle Berserker on June 18, 2017.
             Was an Elder of Trog.
             Slain by a skeletal warrior
             ... wielding a +0 scimitar
              (12 damage)
             ... on level 8 of the Dungeon on June 19, 2017.
             The game lasted 00:47:49 (8900 turns).

fili the Fighter (Gargoyle Berserker)               Turns: 8900, Time: 00:47:50

Health: -1/111     AC: 20    Str: 29    XL:     10   Next: 69%
Magic:  0/10       EV:  9    Int:  8    God:    Trog [****..]
Gold:   477        SH:  0    Dex: 13    Spells: 9/9 levels left

rFire    + . .     SeeInvis .   a - +1 flail
rCold    . . .     Gourm    .   (no shield)
rNeg     + . .     Faith    .   u - +0 chain mail
rPois    ∞         Spirit   +   x - +0 helmet
rElec    +         Reflect  .   r - +0 cloak
rCorr    .         Harm     .   d - +0 pair of gloves
MR       .....                  i - +0 pair of boots
Stlth    ..........             y - amulet of guardian spirit
Regen    0.3/turn               k - ring of protection from fire
MPRegen  0.2/turn               m - +4 ring of dexterity

@: berserking, very quick
A: negative energy resistance 1, electricity resistance, unbreathing,
petrification resistance, rot immunity, AC +7
a: Berserk, Trog's Hand, Brothers in Arms, Burn Spellbooks, Renounce Religion


You were on level 8 of the Dungeon.
You worshipped Trog.
Trog was greatly pleased with you.
You were very hungry.

You visited 1 branch of the dungeon, and saw 8 of its levels.

You collected 477 gold pieces.

Inventory:

Hand Weapons
 a - a +1 flail (weapon)
 b - a +0 shortbow
 p - a +2 quarterstaff of chaos
Missiles
 n - 7 tomahawks (quivered)
 B - 51 arrows
Armour
 d - a +0 pair of gloves (worn)
 i - a +0 pair of boots (worn)
 r - a +0 cloak (worn)
 u - a +0 chain mail (worn)
 x - a +0 helmet (worn)
Jewellery
 k - a ring of protection from fire (left hand)
 m - a +4 ring of dexterity (right hand)
 y - an amulet of guardian spirit (around neck)
Wands
 s - a wand of lightning (7/15)
 v - a wand of iceblast (5/15)
 z - a wand of flame (17/48)
Scrolls
 f - 4 scrolls of teleportation
 g - 6 scrolls of identify
 q - a scroll of enchant weapon
 A - a scroll of recharging
 F - 2 scrolls of blinking
Potions
 e - 4 potions of heal wounds
 h - 5 potions of curing
 o - 2 potions of magic
 D - a potion of flight {unknown}
 G - a potion of agility {unknown}
Books
 E - a book of Changes

   Spells                             Type                      Level
   a - Beastly Appendage              Transmutation                1
   b - Sticks to Snakes               Transmutation                2
   c - Spider Form                    Transmutation/Poison         3
   d - Ice Form                       Ice/Transmutation            4
   e - Blade Hands                    Transmutation                5
   Trog disapproves of the use of such an item.
Comestibles
 c - 6 bread rations
 j - 3 meat rations
 l - 4 chunks of flesh


   Skills:
 * Level 13.7 Fighting
 + Level 9.6 Maces & Flails
 - Level 2.1 Armour
 - Level 1.5 Dodging


You had 9 spell levels left.
You didn't know any spells.

Dungeon Overview and Level Annotations

Branches:
Dungeon (8/15)             Temple (0/1) D:7
   Lair: D:8-11

Altars:
Ashenzari
Gozag
Makhleb
Okawaru
Qazlal
Uskayaw
Xom
Yredelemnul
Beogh


Innate Abilities, Weirdness & Mutations

You are resistant to torment.
Your stone body is resilient. (AC +7)
You are immune to poison.
You resist negative energy. (rN+)
You are resistant to electric shocks. (rElec)
You can survive without breathing.
You are immune to petrification.
You are immune to rotting.


Message History

The quokka barely misses you.
The phantom blinks!
The skeletal warrior hits you but does no damage.
Your chain mail prevents you from hitting the skeletal warrior.
The skeletal warrior is heavily damaged.
The quokka bites you but does no damage.
You completely miss the skeletal warrior.
The skeletal warrior is heavily damaged.
The quokka closely misses you.
The skeletal warrior hits you with a scimitar!!
* * * LOW HITPOINT WARNING * * *
You thump the skeletal warrior!
The skeletal warrior is severely damaged.
The phantom blinks!
You thump the skeletal warrior!
The skeletal warrior is almost destroyed.
The quokka closely misses you.
You hit the skeletal warrior but do no damage.
The skeletal warrior is almost destroyed.
The skeletal warrior hits you with a scimitar!
You die...

######..# ###.#.###
######..#####...#...#
..............#####.#
.#.###..#####...#..<#
....##..........#[###
....###.#######...#
_8_)......# ##<.#
(..)#####.# #z§# ...(#
#.## #@(# ....# #..# #rW#
..#.# #..# ###..#
....#####..# #..>.#######
..#........###...........
.......##........########
#########..###.#.## #
#..# #....# #### ###..###


You could see a skeletal warrior, a phantom and a quokka.

Vanquished Creatures
  A two-headed ogre (D:8)
  A cyclops (D:8)
  The ghost of hadoken the Destroyer, a novice DECj of Sif Muna (D:8)
  A hippogriff (D:7)
  3 yaks (D:8)
  Menkaure (D:7)
  A hungry ghost (D:8)
  A water moccasin (D:6)
  2 porcupines
  A sky beast (D:5)
  2 orc warriors
  A phantom (D:6)
  A necrophage (D:8)
  3 ogres
  A black bear (D:7)
  2 centaurs (D:7)
  3 crocodiles
  2 big kobolds (D:7)
  6 bullfrogs
  3 scorpions
  A killer bee (D:8)
  A howler monkey (D:7)
  4 crimson imps
  3 hounds
  2 jellies
  A bullfrog zombie (D:6)
  Crazy Yiuf (D:7)
  An orc priest (D:4)
  7 orc wizards
  2 bullfrog skeletons
  2 centaur skeletons
  2 iguanas
  4 worker ants
  2 hound zombies
  3 gnolls (D:5)
  8 adders
  A shadow imp (D:6)
  3 dart slugs
  A worm (D:6)
  8 leopard geckos
  13 orcs
  A ball python (D:6)
  5 bats
  5 giant cockroaches
  4 goblins
  5 hobgoblins
  9 jackals
  12 kobolds
  10 quokkas
  5 frilled lizards
  9 rats
172 creatures vanquished.

Vanquished Creatures (others)
  3 plants (D:8)
3 creatures vanquished.

Grand Total: 175 creatures vanquished

Notes
Turn   | Place    | Note
-------+----------+-------------------------------------------
     0 | D:1      | fili the Gargoyle Berserker began the quest for the Orb.
     0 | D:1      | Reached XP level 1. HP: 14/14 MP: 1/1
   685 | D:1      | Reached XP level 2. HP: 17/19 MP: 2/2
  1406 | D:2      | Reached XP level 3. HP: 24/24 MP: 3/3
  1443 | D:2      | Reached skill level 4 in Fighting
  1707 | D:2      | Reached XP level 4. HP: 22/30 MP: 4/4
  1923 | D:2      | Found a faded altar of an unknown god.
  2391 | D:3      | Reached ** piety under Trog
  2693 | D:3      | Found a faded altar of an unknown god.
  2693 | D:3      | Found an opulent altar of Gozag.
  2698 | D:3      | Found a stormy altar of Qazlal.
  2700 | D:3      | Found a faded altar of an unknown god.
  2702 | D:3      | Found a hide-covered altar of Uskayaw.
  3178 | D:4      | Found a roughly hewn altar of Beogh.
  3245 | D:4      | Reached skill level 5 in Fighting
  3245 | D:4      | Reached XP level 5. HP: 32/35 MP: 5/5
  4122 | D:5      | Entered Level 5 of the Dungeon
  4126 | D:5      | Reached XP level 6. HP: 41/41 MP: 6/6
  4186 | D:5      | Reached skill level 6 in Fighting
  4209 | D:5      | Reached skill level 5 in Maces & Flails
  4319 | D:5      | Noticed a sky beast
  4328 | D:5      | Killed a sky beast
  4330 | D:5      | Found a shimmering altar of Xom.
  4331 | D:5      | Found a burning altar of Makhleb.
  4347 | D:5      | Reached XP level 7. HP: 47/47 MP: 7/7
  4533 | D:5      | Reached skill level 7 in Fighting
  4857 | D:6      | Found a stormy altar of Qazlal.
  5040 | D:6      | Found a shattered altar of Ashenzari.
  5233 | D:6      | Reached *** piety under Trog
  5253 | D:6      | Reached skill level 8 in Fighting
  5333 | D:6      | Reached XP level 8. HP: 46/55 MP: 5/8
  5748 | D:7      | Noticed Menkaure
  5749 | D:7      | Noticed a hippogriff
  5857 | D:7      | Reached skill level 9 in Fighting
  6231 | D:6      | Reached skill level 10 in Fighting
  6315 | D:7      | Found an iron altar of Okawaru.
  6494 | D:7      | Reached XP level 9. HP: 62/63 MP: 9/9
  6672 | D:7      | Found a staircase to the Ecumenical Temple.
  6827 | D:7      | Killed Menkaure
  6831 | D:7      | Reached skill level 11 in Fighting
  7189 | D:7      | Found a runed door.
  7195 | D:7      | Noticed Crazy Yiuf
  7200 | D:7      | Killed Crazy Yiuf
  7694 | D:8      | Reached skill level 12 in Fighting
  7845 | D:8      | Reached XP level 10. HP: 64/72 MP: 8/10
  7872 | D:8      | Noticed hadoken's ghost (novice DECj)
  7885 | D:8      | Killed hadoken's ghost
  7885 | D:8      | Reached **** piety under Trog
  8276 | D:8      | Found a shattered altar of Ashenzari.
  8276 | D:8      | Found a basalt altar of Yredelemnul.
  8328 | D:8      | Noticed a cyclops
  8363 | D:7      | Reached skill level 13 in Fighting
  8553 | D:8      | Killed a cyclops
  8653 | D:8      | Noticed a two-headed ogre
  8665 | D:8      | Killed a two-headed ogre
  8686 | D:8      | Noticed a skeletal warrior
  8900 | D:8      | Slain by a skeletal warrior

Skill      XL: |  1  2  3  4  5  6  7  8  9 10 |
---------------+-------------------------------+-----
Fighting       | 4 5 6 8 10 12 13 | 13.7
Maces & Flails | 4 5 6 7 8 9 |  9.6
Armour         | |  2.1
Dodging        | |  1.5

Action                   |  1- 3 |  4- 6 |  7- 9 | 10-12 || total
-------------------------+-------+-------+-------+-------++-------
Melee: Mace              |    62 |       |       |       ||    62
       Dagger            |    64 |   125 |       |       ||   189
       Flail             |       |    75 |   296 |   142 ||   513
 Fire: Shortbow          |       |       |    37 |    12 ||    49
Throw: Tomahawk          |       |       |       |     2 ||     2
Invok: Trog's Hand       |       |     1 |     4 |       ||     5
       Berserk           |       |       |     2 |     2 ||     4
Evoke: Wand              |       |       |     3 |       ||     3
  Use: Scroll            |     1 |     4 |     4 |       ||     9
       Potion            |     1 |     4 |       |       ||     5
 Stab: Sleeping          |       |     1 |       |       ||     1
  Eat: Royal jelly       |     1 |       |     1 |     1 ||     3
       Chunk             |     1 |     8 |    11 |     2 ||    22
       Fruit             |       |       |     4 |       ||     4
Armor: Animal skin       |    47 |    18 |       |       ||    65
       Chain mail        |       |    71 |    72 |    99 ||   242
       Ring mail         |       |       |    95 |       ||    95
Dodge: Dodged            |    78 |    71 |   134 |    67 ||   350
